 Dungeon Crawl Stone Soup version 0.29-a0-620-g13ace881f2 (webtiles) character file.

Game seed: 96611150335785720

23 Zonian the Chiller (level 2, 0/13 HPs)
             Began as a Vine Stalker Ice Elementalist on June 18, 2022.
             Succumbed to an adder's poison
             ... on level 2 of the Dungeon.
             The game lasted 00:01:38 (1563 turns).

Zonian the Chiller (Vine Stalker Ice Elementalist)  Turns: 1563, Time: 00:01:39

Health: 0/13       AC:  2    Str: 10    XL:     2   Next: 95%
Magic:  6/6        EV: 12    Int: 15    God:
Gold:   57         SH:  0    Dex: 14    Spells: 5/6 levels left

rFire   + . .      SeeInvis .   c - +0 falchion
rCold   + . .      Faith    .   (no shield)
rNeg    . . .      Spirit   +   a - +0 robe
rPois   .          Reflect  .   (no helmet)
rElec   .          Harm     .   (no cloak)
rCorr   .          Rampage  .   (no gloves)
Will    .....                   (no boots)
Stlth   +.........              (no amulet)
HPRegen 0.04/turn               (no ring)
MPRegen 0.10/turn               (no ring)

@: confused, mighty, lethally poisoned (0 -> -1), ambrosia-drunk, hasted, very
quick
A: fangs 2, magic shield, antimagic bite, no potion heal 2, cold resistance 1,
fire resistance 1
a: no special abilities


You were on level 2 of the Dungeon.
You visited 1 branch of the dungeon, and saw 2 of its levels.

You collected 57 gold pieces.

Inventory:

Hand Weapons
 c - a +0 falchion (weapon)
 d - a +0 short sword
Armour
 a - a +0 robe (worn)
Magical Staves
 k - a staff of fire
Scrolls
 b - a scroll of identify {unknown}
 e - 2 scrolls of teleportation {unknown}
Potions
 j - a potion of heal wounds {unknown}


   Skills:
 + Level 1.9 Dodging
 + Level 3.0 Stealth
 + Level 2.5 Spellcasting
 + Level 4.2 Ice Magic


You had 5 spell levels left.
You knew the following spells:

 Your Spells              Type           Power      Damage    Failure   Level
a - Freeze                Ice            56%        1d7       3%          1

Your spell library contained the following spells:

 Spells                   Type           Power      Damage    Failure   Level
 Frozen Ramparts          Ice            28%        1d4       11%         3
 Ozocubu's Armour         Ice            14%        N/A       11%         3
 Hailstorm                Conj/Ice       8%         3d4       65%         4
 Summon Ice Beast         Ice/Summ       8%         N/A       65%         4
 Summon Mana Viper        Hex/Summ       1%         N/A       99%         5
 Monstrous Menagerie      Summ           0%         N/A       100%        7


Dungeon Overview and Level Annotations

Branches:
Dungeon (2/15)

Altars:


Innate Abilities, Weirdness & Mutations

You have extremely sharp teeth.
When hurt, damage is shared between your health and your magic reserves.
Your bite disrupts and absorbs the magic of your enemies.
Potions cannot restore your health.
Your flesh is cold resistant. (rC+)
Your flesh is heat resistant. (rF+)


Message History

The adder is moderately wounded.
The adder seems to slow down.
The adder completely misses you.
You freeze the adder.
The adder is heavily wounded.
The adder seems to slow down.
The adder bites you but does no damage.
Unknown command.
You freeze the adder.
The adder is severely wounded.
The adder bites you.
You are poisoned.
The adder poisons you!
You freeze the adder.
The adder is almost dead.
You feel sick.
Unknown command.
You barely miss the adder.
The adder is almost dead.
You feel sick. The adder bites you but does no damage. The adder bites you.
Unknown command.
It was a potion of mutation.
You feel extremely strange.
You feel resistant to cold.
You feel resistant to heat.
* * * LOW HITPOINT WARNING * * *
You feel sick. The adder closely misses you.
Unknown command.
It was a potion of ambrosia.
You are confused.
Your system rejects the healing.
You feel invigorated.
* * * LOW HITPOINT WARNING * * *
You feel sick.
You're too confused to cast spells.
Sorry, you're not good enough to have a special ability.
Unknown command.
Unknown command.
Okay, then.
It was a potion of might.
You feel very mighty all of a sudden.
* * * LOW HITPOINT WARNING * * *
You feel sick. The adder closely misses you.
It was a potion of haste.
You feel yourself speed up.
You die...

######### #.......
## #...... #.
#!.... #. #....
####. #... .....
#.S### ...##
#.@..### .####
###....### ###..
#......# #....
##......######....
##.....####..####..
#....### ......####
#..####..........##
#######
#.........#.##....†
##.....##
#....######.###..†#


You could see an adder (slow).

Vanquished Creatures
  2 ball pythons
  An endoplasm (D:1)
  A giant cockroach (D:1)
  3 hobgoblins
  5 kobolds (D:1)
  A quokka (D:1)
  2 bats (D:1)
  A frilled lizard (D:2)
  2 goblins
  3 rats
21 creatures vanquished.

Notes
Turn   | Place    | Note
-------+----------+-------------------------------------------
     0 | D:1      | Zonian the Vine Stalker Ice Elementalist began the quest
                  | for the Orb.
     0 | D:1      | Reached XP level 1. HP: 9/9 MP: 4/4
   631 | D:1      | Reached XP level 2. HP: 5/13 MP: 3/6
  1560 | D:2      | Gained mutation: Your flesh is cold resistant. (rC+)
                  | [potion of mutation]
  1560 | D:2      | Gained mutation: Your flesh is heat resistant. (rF+)
                  | [potion of mutation]
  1563 | D:2      | Succumbed to an adder's poison

Illustrated notes

Levels and vault maps discovered:
D:1:      denvon_arrival_planthouse, layout_loops_corners, minivault_25
D:2:      layout_rooms, dreamdust_ecumenical_altar_angels_and_demons,
          minmay_misc_feat_x, hangedman_abyss_or_decor_stabs

Skill      XL: |  1  2 |
---------------+-------+-----
Stealth        | 3 |  3.0
Dodging        | |  1.9
Spellcasting   | |  2.5
Ice Magic      | |  4.2

Action                   || total
-------------------------++-------
Melee: Falchion          ||    30
       Bite              ||     4
 Cast: Freeze            ||    20
  Use: Potion            ||     5
 Stab: Sleeping          ||     1
Armor: Robe              ||    15
Dodge: Dodged            ||    28

Table legend: (Time is in decaauts)
 A = Elapsed time spent in this place.
 B = Non-inter-level travel time spent in this place.
 C = Inter-level travel time spent in this place.
 D = Time resting spent in this place.
 E = Time spent auto-exploring this place.
 F = Levels seen in this place.
 G = Mean time per level.
                   A        B        C        D        E       F      G
               +--------+--------+--------+--------+--------+-----+--------+
         Total |   1571 |   1541 |     30 |      0 |   1358 |   2 |  785.5 |
       Dungeon |   1571 |   1541 |     30 |      0 |   1358 |   2 |  785.5 |
               +--------+--------+--------+--------+--------+-----+--------+

Top non-repeatable levels by time:
     D:1: 1262 daAuts
     D:2: 308 daAuts
